Map: Tokamak LE

Players

llllllllllll - Winner!

  • Race: Terran Terran
  • League: Master
  • Spawn Location: 1:00

LetaleX

  • Race: Protoss Protoss
  • League: Master
  • Spawn Location: 7:00

VOD

Have the link to the VOD?

Description

Time

  • Played on: July 26, 2025, 9:20 a.m.
  • Length: 7:41
Show
View Real Time Build Order
Export as new Build Order

llllllllllll Terran - Winner!

Build Orders:  

Get SALT Encoding   

  12  0:00  SCV  
  13  0:12  SCV  
  14  0:17  Supply Depot  
  14  0:24  SCV  
  15  0:39  SCV  
  15  0:40  Barracks  
  16  0:43  Refinery  
  16  0:51  SCV  
  16  0:52  Refinery  
  17  1:03  SCV  
  18  1:15  SCV  
  19  1:28  Reaper, Orbital Command  
  19  1:30  Supply Depot  
  20  1:41  Factory  
  21  1:54  SCV  
  21  2:00  Reaper  
  22  2:06  SCV  
  23  2:16  Command Center  
  23  2:19  SCV  
  24  2:27  Hellion  
  26  2:32  Barracks Reactor, SCV  
  27  2:38  Starport  
  27  2:44  SCV  
  28  2:45  Supply Depot  
  28  2:49  Widow Mine  
  30  2:56  SCV  
  30  3:08  SCV  
  30  3:10  Marine x2  
  32  3:14  Widow Mine  
  32  3:15  Medivac  
  36  3:20  SCV  
  37  3:28  Marine x2, Orbital Command  
  37  3:32  SCV  
  38  3:44  SCV  
  38  3:45  Marine  
  38  3:46  Marine, Factory Tech Lab  
  41  3:55  SCV  
  42  3:56  SCV  
  42  3:59  Barracks  
  43  4:03  Marine x2  
  43  4:06  Siege Tank  
  43  4:07  Starport Tech Lab, SCV  
  43  4:08  SCV  
  43  4:09  Supply Depot  
  50  4:19  SCV  
  50  4:20  SCV  
  50  4:21  Marine x2  
  52  4:26  Raven  
  54  4:31  Supply Depot, SCV  
  54  4:33  SCV  
  56  4:39  Marine x2  
  56  4:43  Siege Tank, SCV  
  56  4:45  Barracks  
  62  4:51  Bunker  
  62  4:53  SCV  
  62  4:55  SCV  
  62  4:57  Marine x2  
  62  4:58  Refinery  
  67  5:03  Engineering Bay  
  67  5:05  SCV  
  66  5:08  SCV  
  66  5:10  Supply Depot  
  66  5:11  Marauder, Stimpack  
  69  5:14  Marine  
  69  5:18  Starport Reactor, Supply Depot  
  70  5:26  Factory Reactor  
  70  5:29  Refinery  
  70  5:31  Marine  
  70  5:32  SCV x2, Terran Infantry Weapons Level 1  
  70  5:33  Supply Depot  
  73  5:41  Marine  
  73  5:43  Marauder x2  
  73  5:44  SCV x2  
  73  5:48  Combat Shield  
  73  5:49  Marine  
  80  5:59  Medivac  
  80  6:02  SCV x2  
  80  6:03  Supply Depot  
  84  6:07  Medivac  
  84  6:09  Marine x2  
  84  6:10  Marauder  
  89  6:23  Marauder  
  84  6:27  Marine x2  
  84  6:28  SCV x2  
  84  6:31  Marauder  
  90  6:34  Command Center  
  90  6:41  Medivac x2, Widow Mine x2, Barracks  
  90  6:42  Barracks  
  90  6:44  Marine x2  
  100  6:48  Supply Depot  
  100  6:50  Missile Turret  
  100  7:02  Marine x2  
  101  7:10  Marauder x2, Widow Mine x2  
  101  7:11  SCV  
  101  7:15  Supply Depot  
  110  7:29  SCV  
  110  7:36  Barracks Tech Lab, Barracks Reactor  
Show
View Real Time Build Order
Export as new Build Order

LetaleX Protoss 

Build Orders: 1 Gate Expand, Phoenix Opening, Blink Stalkers 

Get SALT Encoding   

  12  0:00  Probe  
  13  0:12  Probe  
  14  0:18  Pylon  
  14  0:24  Probe  
  15  0:32  Probe  
  15  0:37  Gateway  
  15  0:40  Probe  
  16  0:46  Assimilator  
  17  0:50  Probe  
  18  1:03  Probe  
  19  1:15  Probe  
  20  1:21  Nexus  
  20  1:31  Cybernetics Core  
  20  1:35  Probe  
  20  1:39  Assimilator  
  21  1:47  Probe  
  21  1:48  Pylon  
  22  1:55  Stalker  
  22  1:59  Probe  
  23  2:07  Warp Gate  
  25  2:11  Probe  
  26  2:20  Shield Battery  
  26  2:23  Probe  
  26  2:24  Sentry  
  26  2:28  Phoenix  
  26  2:29  Probe  
  29  2:35  Probe  
  29  2:36  Twilight Council  
  31  2:38  Probe  
  32  2:47  Probe  
  32  2:48  Gateway  
  32  2:49  Probe  
  34  3:00  Probe  
  34  3:01  Probe  
  34  3:05  Stalker, Blink  
  35  3:12  Probe  
  38  3:13  Probe  
  39  3:24  Probe  
  39  3:26  Probe  
  39  3:36  Probe  
  39  3:38  Probe  
  41  3:42  Pylon, Gateway  
  41  3:48  Probe  
  42  3:50  Probe  
  42  3:55  Stalker  
  45  3:58  Assimilator  
  45  4:00  Probe, Stalker  
  45  4:02  Probe  
  49  4:12  Probe  
  49  4:14  Probe  
  49  4:15  Pylon  
  49  4:24  Probe, Stalker x2  
  54  4:34  Probe  
  55  4:38  Probe  
  55  4:39  Nexus  
  55  4:45  Robotics Facility  
  56  4:50  Probe  
  58  4:57  Pylon  
  58  4:58  Stalker x2  
  61  5:01  Probe  
  61  5:03  Charge  
  62  5:12  Pylon  
  62  5:14  Forge  
  62  5:15  Probe x2  
  64  5:22  Assimilator  
  64  5:23  Stalker  
  64  5:27  Probe x2  
  68  5:35  Protoss Ground Weapons Level 1  
  68  5:39  Probe x2  
  70  5:43  Stalker x2  
  70  5:47  Probe  
  74  5:51  Probe x2  
  74  5:55  Probe, Templar Archives  
  77  6:03  Probe x2  
  78  6:05  Probe  
  78  6:07  Psionic Storm, Shield Battery  
  78  6:08  Zealot x2  
  78  6:09  Zealot  
  85  6:12  Pylon  
  85  6:15  Probe x2  
  85  6:17  Probe  
  84  6:27  Probe x2  
  84  6:31  Gateway  
  84  6:32  Gateway  
  86  6:39  Zealot x3  
  92  6:42  Probe  
  93  6:49  Pylon  
  93  6:50  Pylon  
  93  6:58  Shield Battery  
  93  7:04  High Templar x3  
  97  7:08  Probe  
  97  7:11  Gateway  
  97  7:13  Gateway  
Tags
 
Add a new tag
Caveats
  • Supply blocks, unpowered buildings, or Contaminate may cause inaccurate times.
  • Supply counts are checked every 10 seconds.